 Dungeon Crawl Stone Soup version 0.32-a0-918-g0f22ef8d61 (webtiles) character file.

Game seed: 12559851295455187791

10216 ezpacito the Trooper (level 11, -12/92 HPs)
             Began as a Coglin Chaos Knight on Apr 11, 2024.
             Was a Plaything of Xom.
             Mangled by a hellwing (13 damage)
             ... summoned by a kobold demonologist
             ... on level 10 of the Dungeon.
             The game lasted 00:11:24 (10167 turns).

ezpacito the Trooper (Coglin Chaos Knight)         Turns: 10167, Time: 00:11:25

Health: -12/92     AC: 14    Str: 15      XL:     11   Next: 58%
Magic:  16/16      EV: 13    Int: 11      God:    Xom [*.....]
Gold:   636        SH:  0    Dex: 14 (15) Spells: 2/17 levels left

rFire   . . .        a - +0 hand axe (chaos) {Nolwazi}
rCold   . . .        n - +3 falchion (holy) {Harkiran}
rNeg    + . .        L - +0 acid dragon scales
rPois   +            k - +0 helmet
rElec   .            q - +2 ratskin cloak {*Rats rPois rN+ Str-1 Int-1 Dex+1}
rCorr   +            b - +0 pair of gloves
SInv    .            v - +0 pair of boots
Will    .....        (amulet unavailable)
Stlth   ++           (ring unavailable)
HPRegen 0.35/turn    (ring unavailable)
MPRegen 0.15/turn    (no gizmo)

%: no passive effects
@: about to teleport, revved
A: off-hand wielding, slow wielding, warmup strikes, no jewellery, deterioration
1, robust 1, no potion heal 1
a: Invent Gizmo, Renounce Religion


You were on level 10 of the Dungeon.
You worshipped Xom.
You were a special plaything of Xom.
You visited 2 branches of the dungeon, and saw 11 of its levels.
You also visited: Ossuary.

You collected 636 gold pieces.

Inventory:

Hand Weapons
 a - a +0 hand axe of chaos (weapon) {Nolwazi}
 g - a +3 morningstar of chaos
 h - a -1 demon whip of venom
 n - a +3 falchion of holy wrath (offhand) {Harkiran}
Missiles
 d - a throwing net
 j - 13 boomerangs (quivered)
 m - 35 poisoned darts
 x - a curare-tipped dart
 B - a javelin
Armour
 b - a +0 pair of gloves (worn)
 k - a +0 helmet (worn)
 q - the +2 ratskin cloak (worn) {*Rats rPois rN+ Str-1 Int-1 Dex+1}
   (You found it on level 6 of the Dungeon)

   *Rats:     When the wearer is hurt, rats may emerge from it to assist them.
   Str-1:     It affects your strength (-1).
   Int-1:     It affects your intelligence (-1).
   Dex+1:     It affects your dexterity (+1).
   rPois:     It protects you from poison.
   rN+:       It protects you from negative energy.
 v - a +0 pair of boots (worn)
 L - +0 acid dragon scales (worn)
Magical Staves
 H - a staff of fire
Wands
 c - a wand of paralysis (10)
 l - a wand of polymorph (7)
 u - a wand of flame (16)
 A - a wand of iceblast (17)
 I - a wand of quicksilver (23)
Scrolls
 e - a scroll of noise
 f - a scroll of immolation
 i - 2 scrolls of identify
 o - 2 scrolls of acquirement
 p - 8 scrolls of vulnerability
 r - 2 scrolls of revelation
 s - a scroll of silence
 t - a scroll of teleportation
 y - 2 scrolls of enchant armour
 F - a scroll of enchant weapon
 J - a scroll of fog
 K - a scroll of poison
Potions
 C - a potion of ambrosia
 D - 6 potions of lignification
 E - 3 potions of brilliance


   Skills:
 * Level 7.6 Fighting
 * Level 7.6(8.8) Axes
 * Level 6.1(7.6) Polearms
 * Level 6.5 Armour
 * Level 6.0 Dodging
 + Level 3.9 Stealth
 + Level 3.6 Spellcasting
 + Level 1.7 Conjurations
 + Level 1.9 Hexes
 + Level 2.3 Necromancy
 + Level 2.2 Translocations
 + Level 2.3 Alchemy
 + Level 5.0 Evocations


You had 2 spell levels left.
You knew the following spells:

 Your Spells              Type           Power      Damage    Failure   Level
a - Irradiate             Conj/Alch      3%         3d12      98%         5
b - Maxwell's Portable P  Tloc           6%         2d(5-15)  36%         3
c - Teleport Other        Tloc           6%         N/A       36%         3
s - Slow                  Hex            24%        N/A       14%         1
x - Vampiric Draining     Necr           7%         2d6       36%         3

Your spell library contained the following spells:

 Spells                   Type           Power      Damage    Failure   Level
 Sublimation of Blood     Necr           7%         N/A       19%         2
 Lesser Beckoning         Tloc           12%        N/A       21%         2
 Call Imp                 Summ           4%         N/A       45%         2
 Confusing Touch          Hex            6%         N/A       41%         3
 Sigil of Binding         Hex            6%         N/A       41%         3
 Inner Flame              Hex/Fire       4%         N/A       54%         3
 Call Canine Familiar     Summ           2%         N/A       69%         3
 Summon Ice Beast         Ice/Summ       2%         N/A       69%         3
 Dimensional Bullseye     Hex/Tloc       3%         N/A       80%         4
 Summon Mana Viper        Hex/Summ       4%         N/A       99%         5
 Monstrous Menagerie      Summ           1%         N/A       100%        7
 Summon Hydra             Summ           1%         N/A       100%        7
 Ignition                 Fire           1%         3d3       100%        8


Dungeon Overview and Level Annotations

Branches:
Dungeon (10/15)            Temple (1/1) D:6            Lair (0/5) D:9
Ossuary (visited)
    Orc: D:9-12

Altars:
Ashenzari
Cheibriados
Dithmenos
Elyvilon
Fedhas
Gozag
Hepliaklqana
Kikubaaqudgha
Makhleb
Nemelex Xobeh
Okawaru
Ru
Sif Muna
Trog
Uskayaw
Vehumet
Wu Jian
Yredelemnul
Zin
The Shining One

Annotations:
D:10 3 runed translucent doors, andrew's ghost, journeyman DrEE


Innate Abilities, Weirdness & Mutations

You can wield a second weapon in your off-hand.
It takes a long time for you to wield or remove held weapons.
Your first few attacks do less damage.
You cannot equip rings or amulets.
Your body sometimes deteriorates upon taking damage.
You are robust. (+10% HP)
Potions are less effective at restoring your health.


Message History

The vampire mosquito misses you.
The vampire mosquito bites you but does no damage.
Your hell rat misses the vampire mosquito.
The vampire mosquito bites you.
* * * LOW HITPOINT WARNING * * *
The hellwing hits you but does no damage. x2
The crimson imp hits you but does no damage.
The white imp puffs mist at you. The orange demon barely misses you.
You take 6 damage, and have 20/92 hp.
The vampire mosquito bites your hell rat.
The vampire mosquito barely misses your hell rat.
The vampire mosquito completely misses your hell rat.
Your hell rat completely misses the vampire mosquito.
The vampire mosquito bites your hell rat.
The vampire mosquito bites you.
* * * LOW HITPOINT WARNING * * *
The vampire mosquito draws strength from your injuries!
The hellwing swoops through the air toward you!
The hellwing hits you.
* * * LOW HITPOINT WARNING * * *
The hellwing hits you.
* * * LOW HITPOINT WARNING * * *
The vampire mosquito bites your hell rat.
Your hell rat closely misses the vampire mosquito.
You take 14 damage, and have 6/92 hp.
You hit the hellwing but do no damage.
The hellwing flies into a frenzy!
Xom thinks this is hilarious!
The hellwing is lightly wounded.
You barely miss the vampire mosquito with your +0 hand axe of chaos.
You barely miss the crimson imp with your +0 hand axe of chaos.
You hit the hellwing but do no damage.
The vampire mosquito bites your hell rat.
Your hell rat dies!
The vampire mosquito bites you.
* * * LOW HITPOINT WARNING * * *
The vampire mosquito draws strength from your injuries!
The hellwing hits you!
You die...
Xom chuckles heartily!

...J#..#......#.# ###
...##..########.#
...#####............#
#.........##########
# #.........#
##.###.........#
...............#
.........4.....#
.....5yy@......#
.......5y......#
.^[..4K§§......#
.......5.....$.#
...............#
...............#
...............#
......##########
......


You could see an orange demon (summoned), a kobold demonologist, 3 vampire
mosquitoes, an iron imp (summoned), a crimson imp (summoned, slow), a white imp
(summoned) and a neutral hellwing (summoned, fast, strong, frenzied, very
poisoned).

Vanquished Creatures
  A two-headed ogre (D:8)
  Amaemon (D:8)
  Pikel (D:4)
  An orange demon (D:8)
  Maggie (D:8)
  An unseen horror zombie (D:8)
  A troll (D:9)
  3 hornets
  Grinder (D:5)
  Prince Ribbit (D:5)
  5 slime creatures
  Sigmund (D:2)
  8 yaks
  3 wyverns
  Eustachio (D:6)
  An acid dragon (D:9)
  Pargi (D:3)
  A water moccasin (D:8)
  A sky beast (D:8)
  An orc warrior (D:9)
  An ice beast (D:7)
  A black bear (D:5)
  3 centaurs
  An ogre (D:6)
  A phantom (D:4)
  5 kobold brigands
  An elf zombie (Ossuary)
  5 bullfrogs
  4 gnoll sergeants
  A scorpion (D:5)
  2 howler monkeys
  3 bombardier beetles
  4 centaur zombies (D:8)
  3 hounds
  Crazy Yiuf (D:3)
  Jessica (D:3)
  An iguana (D:7)
  A sleepcap (D:7)
  5 orc wizards
  4 hell rats (D:6)
  A hound zombie (Ossuary)
  4 mummies (Ossuary)
  Robin (D:3)
  4 howler monkey zombies (D:8)
  23 gnolls
  8 adders
  19 river rats (D:6)
  A shadow imp (D:6)
  A white imp (D:6)
  2 ufetubi (D:6)
  An adder zombie (Ossuary)
  A dart slug (D:1)
  A ribbon worm (D:4)
  15 orcs
  6 endoplasms
  3 giant cockroaches
  A gnoll zombie (Ossuary)
  17 goblins
  6 hobgoblins
  4 jackals (D:1)
  6 quokkas
  11 ball pythons
  6 bats
  3 frilled lizards (D:1)
  A goblin zombie (Ossuary)
  A hobgoblin zombie (Ossuary)
  2 jackal zombies (Ossuary)
  12 kobolds
  A kobold zombie (Ossuary)
  2 orc zombies (Ossuary)
  6 rats
  A rat zombie (Ossuary)
254 creatures vanquished.

Vanquished Creatures (collateral kills)
  A merfolk (D:9)
  A lemure (D:4)
  A scorpion (D:4)
  A jelly (D:4)
  A gnoll (D:9)
  2 river rats (D:6)
  An orc (D:8)
8 creatures vanquished.

Vanquished Creatures (others)
  A yak (D:8)
1 creature vanquished.

Grand Total: 263 creatures vanquished

Notes
Turn   | Place    | Note
-------+----------+-------------------------------------------
     0 | D:1      | ezpacito the Coglin Chaos Knight began the quest for the
                  | Orb.
     0 | D:1      | Reached XP level 1. HP: 18/18 MP: 1/1
    29 | D:1      | Reached skill level 1 in Dodging
   203 | D:1      | XOM: divination: detect items
   206 | D:1      | XOM: potion effect (berserk rage)
   207 | D:1      | XOM: silly message
   209 | D:1      | Reached XP level 2. HP: 24/24 MP: 2/2
   236 | D:1      | XOM: silly message
   324 | D:1      | Reached skill level 1 in Polearms
   347 | D:1      | XOM: potion effect (brilliance)
   349 | D:1      | Reached XP level 3. HP: 28/29 MP: 3/3
   371 | D:1      | XOM: silly message
   560 | D:1      | XOM is BORED!
   560 | D:1      | XOM: noise
   736 | D:2      | Noticed Sigmund
   743 | D:2      | Killed Sigmund
   744 | D:2      | Reached skill level 1 in Stealth
   744 | D:2      | Reached skill level 1 in Spellcasting
   744 | D:2      | Reached XP level 4. HP: 24/37 MP: 3/5
   744 | D:2      | Reached XP level 5. HP: 28/42 MP: 3/6
   809 | D:2      | XOM: silly message
   849 | D:2      | Found a faded altar of an unknown god.
   887 | D:2      | Reached XP level 6. HP: 46/48 MP: 7/7
  1101 | D:2      | Noticed Terence
  1107 | D:2      | Terence changed into Terence the hobgoblin
  1107 | D:2      | Noticed Terence
  1109 | D:2      | Killed Terence the hobgoblin
  1672 | D:3      | Noticed Jessica
  1675 | D:3      | Killed Jessica
  1781 | D:3      | Found a runed translucent door.
  1782 | D:3      | Noticed Crazy Yiuf
  2104 | D:3      | Noticed Robin
  2124 | D:3      | Killed Robin
  2303 | D:3      | Reached XP level 7. HP: 35/54 MP: 7/9
  2376 | D:3      | Found a hide-covered altar of Uskayaw.
  2468 | D:3      | Noticed Pargi
  2481 | D:3      | XOM: confusion (+ monsters)
  2481 | D:3      | Killed Pargi
  2697 | D:3      | Killed Crazy Yiuf
  2761 | D:4      | Found a shadowy altar of Dithmenos.
  2852 | D:4      | Found a sand-covered staircase.
  2861 | Ossuary  | Entered an ossuary
  3014 | Ossuary  | XOM: summons 4 hostile demons
  3227 | D:4      | XOM: summons 2 hostile demons
  3274 | D:4      | XOM: blink monster(s)
  3283 | D:4      | Reached XP level 8. HP: 61/61 MP: 10/10
  3287 | D:4      | Reached skill level 1 in Evocations
  3408 | D:4      | Noticed Pikel
  3438 | D:4      | Killed Pikel
  3439 | D:4      | Reached skill level 5 in Fighting
  3439 | D:4      | Reached skill level 5 in Axes
  3484 | D:4      | Found a blossoming altar of Fedhas.
  3899 | D:5      | XOM: noise
  3899 | D:5      | Entered Level 5 of the Dungeon
  3944 | D:5      | XOM: divination: detect creatures
  3945 | D:5      | XOM: snakes to sticks
  3964 | D:5      | XOM: give mutations
  3964 | D:5      | Gained mutation: You are somewhat resistant to further
                  | mutation. [Xom's grace]
  3964 | D:5      | Gained mutation: Your muscles are strong. (Str +4, Int/Dex
                  | -1) [Xom's grace]
  4131 | D:5      | Noticed Prince Ribbit
  4135 | D:5      | XOM: god gift: glowing garnet amulet {god gift}
  4144 | D:5      | Killed Prince Ribbit
  4145 | D:5      | Reached XP level 9. HP: 50/68 MP: 12/12
  4357 | D:5      | XOM: give mutations
  4357 | D:5      | Gained mutation: Your flesh is cold resistant. (rC+) [Xom's
                  | grace]
  4357 | D:5      | Gained mutation: You possess an exceptional clarity of
                  | mind. [Xom's grace]
  4357 | D:5      | Gained mutation: Your natural rate of healing is unusually
                  | fast. [Xom's grace]
  4362 | D:5      | Learned a level 3 spell: Vampiric Draining
  4368 | D:5      | Learned a level 5 spell: Irradiate
  4370 | D:5      | Learned a level 1 spell: Slow
  4375 | D:5      | Noticed Grinder
  4376 | D:5      | XOM: divination: magic mapping
  4378 | D:5      | Killed Grinder
  4405 | D:5      | Found a hazy altar of Hepliaklqana.
  4798 | D:5      | XOM: give mutations
  4798 | D:5      | Lost mutation: Your flesh is cold resistant. (rC+) [Xom's
                  | mischief]
  4798 | D:5      | Lost mutation: Your muscles are strong. (Str +4, Int/Dex
                  | -1) [Xom's mischief]
  4891 | D:6      | Found a staircase to the Ecumenical Temple.
  4895 | D:6      | XOM: enchant monster (bad)
  4936 | D:6      | XOM: confuse monster(s)
  4961 | Temple   | Entered the Ecumenical Temple
  4965 | D:6      | Noticed Eustachio
  4981 | D:6      | XOM: enchant monster (bad)
  4987 | D:6      | Killed Eustachio
  5259 | D:6      | XOM: give mutation
  5259 | D:6      | Gained mutation: You occasionally lose the ability to drink
                  | potions when taking damage. [Xom's mischief]
  5499 | D:6      | XOM: blink monster(s)
  5519 | D:6      | Reached skill level 5 in Armour
  5531 | D:6      | XOM: blink monster(s)
  5532 | D:6      | XOM: give mutations
  5532 | D:6      | Gained mutation: Your spells are a little harder to cast,
                  | but a little more powerful. [Xom's mischief]
  5532 | D:6      | Gained mutation: You occasionally shout uncontrollably at
                  | your foes. [Xom's mischief]
  5532 | D:6      | Gained mutation: Potions are less effective at restoring
                  | your health. [Xom's mischief]
  5543 | D:6      | XOM: blink monster(s)
  5554 | D:6      | Found the +2 ratskin cloak {*Rats rPois rN+ Str-1 Int-1
                  | Dex+1}
  5626 | D:6      | XOM: give mutations
  5626 | D:6      | Lost mutation: You possess an exceptional clarity of mind.
                  | [Xom's mischief]
  5626 | D:6      | Lost mutation: You occasionally lose the ability to drink
                  | potions when taking damage. [Xom's mischief]
  5626 | D:6      | Lost mutation: Your natural rate of healing is unusually
                  | fast. [Xom's mischief]
  5645 | D:6      | Lost mutation: Your spells are a little harder to cast, but
                  | a little more powerful. [potion of mutation]
  5645 | D:6      | Lost mutation: You are somewhat resistant to further
                  | mutation. [potion of mutation]
  5645 | D:6      | Gained mutation: You possess an exceptional clarity of
                  | mind. [potion of mutation]
  5646 | D:6      | Lost mutation: You possess an exceptional clarity of mind.
                  | [potion of mutation]
  5646 | D:6      | Lost mutation: You occasionally shout uncontrollably at
                  | your foes. [potion of mutation]
  5646 | D:6      | Gained mutation: Your body sometimes deteriorates upon
                  | taking damage. [potion of mutation]
  5646 | D:6      | Gained mutation: You are robust. (+10% HP) [potion of
                  | mutation]
  5715 | D:6      | XOM: swap monsters
  5817 | D:7      | Reached XP level 10. HP: 28/84 MP: 14/14
  5915 | D:7      | Reached skill level 5 in Dodging
  6152 | D:7      | Found a sparkling altar of Nemelex Xobeh.
  6186 | D:7      | Reached skill level 5 in Polearms
  6196 | D:7      | Learned a level 3 spell: Maxwell's Portable Piledriver
  6200 | D:7      | Learned a level 3 spell: Teleport Other
  6258 | D:7      | Found an iron altar of Okawaru.
  6444 | D:7      | XOM: 1-stop teleportation journey
  6540 | D:7      | XOM: god gift: 58 gold pieces
  6730 | D:7      | Found a white marble altar of Elyvilon.
  6803 | D:7      | Reached skill level 1 in Translocations
  7183 | D:8      | Reached skill level 1 in Necromancy
  7183 | D:8      | Reached skill level 1 in Alchemy
  7230 | D:8      | Found a basalt altar of Yredelemnul.
  7235 | D:8      | Reached skill level 1 in Hexes
  7292 | D:8      | Noticed a two-headed ogre
  7302 | D:8      | Killed a two-headed ogre
  7303 | D:8      | Reached skill level 1 in Conjurations
  7401 | D:8      | XOM: god gift: 8 stones
  7427 | D:8      | Found an opulent altar of Gozag.
  7439 | D:8      | XOM: 9-stop teleportation journey
  7444 | D:8      | Noticed an orange demon
  7447 | D:8      | Noticed Amaemon
  7452 | D:8      | Killed an orange demon
  7464 | D:8      | Killed Amaemon
  7465 | D:8      | Reached XP level 11. HP: 20/92 MP: 16/16
  7568 | D:8      | XOM: scenery: 2 doors open
  7589 | D:8      | XOM: scenery: 2 doors close
  7725 | D:8      | XOM: summons 2 hostile shadow creatures
  7864 | D:8      | Noticed Maggie
  7866 | D:8      | XOM: silly message
  7868 | D:8      | XOM: chaos upgrade
  7884 | D:8      | Killed Maggie
  7968 | D:8      | XOM: polymorph orc priest -> hornet
  8072 | D:8      | XOM: blink monster(s)
  8244 | D:8      | Identified a scroll of acquirement
  8745 | D:9      | XOM: potion effect (curing)
  8997 | D:9      | XOM: summons friendly ufetubus
  9144 | D:9      | XOM: smoke on damage
  9153 | D:9      | XOM: confuse monster(s)
  9315 | D:9      | Found a staircase to the Lair.
  9315 | D:9      | XOM: 1-stop teleportation journey
  9354 | D:9      | Found a burning altar of Makhleb.
  9364 | D:9      | Found a glowing silver altar of Zin.
  9401 | D:9      | Found a shimmering blue altar of Sif Muna.
  9407 | D:9      | Found a bloodstained altar of Trog.
  9574 | D:9      | Reached skill level 5 in Evocations
  9791 | D:9      | Found an iron altar of Okawaru.
  9798 | D:9      | Identified the +10 spear of the Mashing Mosquito {flame,
                  | rElec rPois Str-2}
 10046 | D:10     | Entered Level 10 of the Dungeon
 10073 | D:10     | Found a runed translucent gate.
 10073 | D:10     | Found a runed translucent gate.
 10073 | D:10     | Found a runed translucent gate.
 10073 | D:10     | Noticed andrew's ghost (journeyman DrEE)
 10073 | D:10     | XOM: 1-stop teleportation journey
 10145 | D:10     | Noticed a great orb of eyes
 10162 | D:10     | XOM: smoke on damage
 10167 | D:10     | HP: 1/92 [vampire mosquito (6)]
 10167 | D:10     | Mangled by a hellwing

Illustrated notes

Levels and vault maps discovered:
D:1:      dpeg_arrival_connections, layout_basic
D:2:      layout_rooms, nicolae_ecumenical_snake_handling,
          nicolae_concentric_dashed_squares_wild, wad_orctagon, uniq_sigmund,
          uniq_terence
D:3:      layout_loops_ring, nicolae_uskayaw_suspiria,
          kennysheep_generic_room_3, uniq_crazy_yiuf_cottage, uniq_pargi,
          uniq_robin, uniq_jessica
D:4:      layout_basic, mainiacjoe_overflow_six_doors_small,
          grunt_dithmenos_smoke_and_mirrors,
          mainiacjoe_ossuary_entry_dusty_tomb, minmay_misc_feat_roman,
          uniq_pikel
D:5:      layout_basic, nzn_hepliaklqana_mist_gate, uniq_grinder,
          uniq_prince_ribbit1
D:6:      layout_basic, minmay_temple_entry_statues_fountains,
          wander_guarded_unrand_ratskin, uniq_eustachio
D:7:      layout_cave_pods, marbit_many_paths, lemuel_doored_altar,
          nemelex_xobeh_ov_fountains_minmay
D:8:      layout_gridville, nicolae_yredelemnul_corpse_copse,
          grunt_gozag_breadcrumbs, nicolae_underground_beach, uniq_amaemon,
          uniq_maggie
D:9:      layout_loops_cross, hellmonk_overflow_destroyed_library,
          grunt_temple_overflow_order_and_chaos_2, lair_entry_dummy,
          roadster_trireme
D:10:     minmay_curly_fans, layout_basic, nicolae_qazlal_style_of_elements,
          mainiacjoe_overflow_tiny_flanked, gammafunk_ghost_ooze, uniq_lodul
Temple:   nicolae_temple_bog_church

Skill      XL: |  1  2  3  4  5  6  7  8  9 10 11 |
---------------+----------------------------------+-----
Dodging        | 1 2 3 4 5 6 |  6.0
Armour         | 2 3 4 5 6 |  6.5
Polearms       | 1 2 3 4 5 6 |  6.1
Stealth        | 1 2 3 |  3.9
Spellcasting   | 1 2 3 |  3.6
Fighting       | 4 5 6 7 |  7.6
Axes           | 4 5 6 7 |  7.6
Evocations     | 2 3 4 5 |  5.0
Translocations | 1 2 |  2.2
Necromancy     | 1 2 |  2.3
Alchemy        | 1 2 |  2.3
Hexes          | 1 |  1.9
Conjurations   | 1 |  1.7

Action                     |  1- 3 |  4- 6 |  7- 9 | 10-12 || total
---------------------------+-------+-------+-------+-------++-------
  Melee: Hand axe          |    53 |    97 |   256 |   305 ||   711
         Mace              |    48 |    88 |       |       ||   136
         Dagger            |     7 |       |       |       ||     7
         Falchion          |       |    10 |   268 |   310 ||   588
  Evoke: Wand              |       |       |       |     3 ||     3
    Use: Potion            |     1 |     4 |     4 |    14 ||    23
         Scroll            |       |       |    19 |     6 ||    25
   Stab: Sleeping          |     1 |       |       |     2 ||     3
         Paralysed         |       |       |     4 |    17 ||    21
         Confused          |       |       |     2 |     5 ||     7
         Held in net/web   |       |       |     1 |     1 ||     2
         Invisible         |       |       |       |    10 ||    10
         Distracted        |       |       |       |     1 ||     1
 Armour: Leather armour    |    42 |    17 |       |       ||    59
         Chain mail        |       |    92 |   323 |   206 ||   621
         Acid dragon scale |       |       |       |   260 ||   260
  Dodge: Dodged            |    28 |    53 |   143 |   341 ||   565

Table legend: (Time is in decaauts)
 A = Elapsed time spent in this place.
 B = Non-inter-level travel time spent in this place.
 C = Inter-level travel time spent in this place.
 D = Time resting spent in this place.
 E = Time spent auto-exploring this place.
 F = Levels seen in this place.
 G = Mean time per level.
                   A        B        C        D        E       F      G
               +--------+--------+--------+--------+--------+-----+--------+
         Total |  10290 |   9891 |    399 |    164 |   7868 |  12 |  857.5 |
       Dungeon |   9934 |   9536 |    398 |    164 |   7608 |  10 |  993.4 |
        Temple |      1 |      1 |      0 |      0 |      0 |   1 |    1.0 |
       Ossuary |    354 |    354 |      0 |      0 |    260 |   1 |  354.0 |
               +--------+--------+--------+--------+--------+-----+--------+

Top non-repeatable levels by time:
     D:9: 1593 daAuts
     D:8: 1511 daAuts
     D:3: 1241 daAuts
     D:7: 1161 daAuts
     D:6: 1000 daAuts
     D:5: 929 daAuts
     D:2: 924 daAuts
     D:4: 809 daAuts
     D:1: 641 daAuts
 Ossuary: 354 daAuts
    D:10: 122 daAuts
  Temple: 1 daAuts
